 Dungeon Crawl Stone Soup version 0.28.0-43-g3370ac3207 (webtiles) character file.

Game seed: 10193386755370416853

28 NoSkeletonsAllowed the Skirmisher (level 2, 0/24 HPs)
             Began as a Demonspawn Abyssal Knight on Mar 3, 2022.
             Was a Follower of Lugonu.
             Slain by an adder (1 damage)
             ... on level 2 of the Dungeon.
             The game lasted 00:10:35 (1147 turns).

NoSkeletonsAllowed the Skirmisher (DsAK)            Turns: 1147, Time: 00:10:35

Health: 0/24       AC:  4    Str: 13    XL:     2   Next: 96%
Magic:  4/4        EV: 11    Int: 11    God:    Lugonu [*.....]
Gold:   32         SH:  0    Dex: 13    Spells: 1/1 levels left

rFire   + . .      SeeInvis .   a - +1 spear
rCold   + . .      Faith    .   (no shield)
rNeg    . . .      Spirit   .   b - +0 leather armour
rPois   +          Reflect  .   q - +0 helmet
rElec   +          Harm     .   (no cloak)
rCorr   +          Rampage  .   (no gloves)
Will    .....                   (no boots)
Stlth   ..........              (no amulet)
HPRegen 0.08/turn               (no ring)
MPRegen 0.09/turn               (no ring)

@: lethally poisoned (0 -> -3), silenced, resistant
A: powered by pain 1
a: Renounce Religion


You were on level 2 of the Dungeon.
You worshipped Lugonu.
Lugonu was aware of your devotion.
You visited 1 branch of the dungeon, and saw 2 of its levels.
You visited the Abyss 1 time.

You collected 32 gold pieces.

Inventory:

Hand Weapons
 a - a +1 spear (weapon)
 c - a +0 club
 e - a +0 club
 g - a +0 dagger
 h - a +0 dagger
 k - a +0 dagger
 n - a +0 short sword
 r - a +0 short sword
Missiles
 d - 5 boomerangs (quivered)
 f - 20 stones
 l - 6 poisoned darts
Armour
 b - a +0 leather armour (worn)
 i - a +0 helmet
 q - a +0 helmet (worn)
Potions
 m - a potion of curing {unknown}
 o - a potion of ambrosia {unknown}


   Skills:
 + Level 3.4 Fighting
 + Level 2.2 Polearms
 - Level 2.1 Armour
 - Level 1.0 Dodging
 + Level 2.7 Invocations


You had one spell level left.
You didn't know any spells.
Your spell library was empty.

Dungeon Overview and Level Annotations

Branches:
Dungeon (2/15)

Altars:

Shops:
D:1 ?


Innate Abilities, Weirdness & Mutations

You sometimes gain a little power by taking damage.


Message History

There is a stone staircase leading up here.
An adder comes into view.
The adder hisses angrily.
Found a hand axe.
You barely miss the adder. The adder closely misses you.
You hit the adder.
The adder is moderately wounded.
The adder bites you.
You are poisoned.
The adder poisons you! The adder bites you but does no damage.
You barely miss the adder.
The adder is moderately wounded.
You feel sick. The adder closely misses you.
You hit the adder.
The adder is heavily wounded.
You feel sick. The adder bites you.
You closely miss the adder.
The adder is heavily wounded.
You feel sick. The adder closely misses you. The adder bites you.
You barely miss the adder.
The adder is heavily wounded.
You feel sick. The adder bites you.
You are lethally poisoned!
The adder poisons you!
You closely miss the adder.
The adder is heavily wounded.
* * * LOW HITPOINT WARNING * * *
You feel sick. The adder closely misses you.
It was a potion of resistance.
You feel protected.
* * * LOW HITPOINT WARNING * * *
You feel sick. The adder barely misses you.
* * * LOW HITPOINT WARNING * * *
You feel sick. The adder bites you.
* * * LOW HITPOINT WARNING * * *
As you read the scroll labelled KUCZEJIMEE, it crumbles to dust.
A profound silence engulfs you.
It was a scroll of silence.
* * * LOW HITPOINT WARNING * * *
You feel sick. The adder bites you.
You die...

.........)#
..........
..........
.......
......
#...#####
#......#
#S###.##
#@.##..#
##.....# #
####..###
#.#
##...##...#
#...<..#
##.###.....#
#.# ##...
#.. . ###.


You could see an adder.

Vanquished Creatures
  6 ball pythons (D:1)
  3 endoplasms (D:1)
  3 giant cockroaches (D:1)
  2 goblins (D:1)
  4 kobolds (D:1)
  3 quokkas (D:1)
  A bat (D:1)
  A rat (D:1)
23 creatures vanquished.

Notes
Turn   | Place    | Note
-------+----------+-------------------------------------------
     0 | Abyss:1  | NoSkeletonsAllowed the Demonspawn Abyssal Knight began the
                  | quest for the Orb.
     0 | Abyss:1  | Reached XP level 1. HP: 18/18 MP: 2/2
    39 | D:1      | Escaped the Abyss
    90 | D:1      | Found Jawk's Magic Scroll Boutique.
   122 | D:1      | Reached * piety under Lugonu
   139 | D:1      | Gained mutation: You sometimes gain a little power by
                  | taking damage. [demonic ancestry]
   139 | D:1      | Reached XP level 2. HP: 17/24 MP: 3/3
   396 | D:1      | Reached skill level 1 in Dodging
   793 | D:1      | Found a faded altar of an unknown god.
  1147 | D:2      | HP: 1/24 [poisoned by an adder]
  1147 | D:2      | Slain by an adder

Illustrated notes

Levels and vault maps discovered:
D:1:      dpeg_arrival_oval, layout_basic, serial_shops, nicolae_shop_stone,
          ebering_ecumenical_altar_hall
D:2:      layout_rooms, basic_altar, nicolae_elevator_lobby_asterisk

Skill      XL: |  1  2 |
---------------+-------+-----
Armour         | 2 |  2.1
Polearms       | 2 |  2.2
Dodging        | 1 |  1.0
Fighting       | |  3.4
Invocations    | |  2.7

Action                   || total
-------------------------++-------
Melee: Spear             ||    67
Throw: Boomerang         ||    18
Invok: Depart the Abyss  ||     1
  Use: Scroll            ||     1
       Potion            ||     1
Armor: Leather armour    ||    15
Dodge: Dodged            ||    42
